 Dungeon Crawl Stone Soup version 0.12.2-22-g286eab9 (webtiles) character file.

131 Sachiko the Ruffian (level 4, -8/38 HPs)
             Began as a Minotaur Monk on Aug 27, 2013.
             Mangled by Crazy Yiuf
             ... wielding a +3,+3 quarterstaff of chaos
              (14 damage)
             ... on Level 2 of the Dungeon.
             The game lasted 00:04:49 (1426 turns).

Sachiko the Ruffian (Minotaur Monk)                 Turns: 1426, Time: 00:04:49

HP  -8/38        AC  3     Str 17      XL: 4   Next:  5%
MP   1/1         EV 13     Int  7      God:
Gold 60          SH  0     Dex 12      Spells:  0 memorised,  3 levels left

Res.Fire  : . . .   See Invis. : .     - Unarmed
Res.Cold  : . . .   Warding    : .   a - +0 robe
Life Prot.: . . .   Conserve   : .   (no shield)
Res.Poison: .       Res.Corr.  : .   (helmet restricted)
Res.Elec. : .       Clarity    : .   (no cloak)
Sust.Abil.: . .     Spirit.Shd : .   (no gloves)
Res.Mut.  : .       Stasis     : .   c - +0 pair of boots
Res.Rott. : .       Ctrl.Telep.: .   (no amulet)
Saprovore : . . .   Flight     : .   (no ring)
                                     (no ring)

@: slightly resistant to hostile enchantments, unstealthy
A: retaliatory headbutt, horns 2
a: no special abilities


You were on level 2 of the Dungeon.
You were not hungry.

You visited 1 branch of the dungeon, and saw 2 of its levels.

You collected 60 gold pieces.

Inventory:

Armour
 a - a +0 robe (worn)
 c - a +0 pair of boots (worn)
Comestibles
 b - 4 bread rations
 f - a pear
 j - a chunk of adder flesh
Scrolls
 h - a scroll of amnesia {unknown}
Jewellery
 e - an uncursed amulet of warding {unknown}
 g - a cursed ring of teleportation {unknown}
Potions
 i - 2 potions of heal wounds {unknown}


   Skills:
 + Level 4.2 Fighting
 + Level 4.1 Dodging
 - Level 1.5 Stealth
 + Level 5.3 Unarmed Combat


You had 3 spell levels left.
You didn't know any spells.

Dungeon Overview and Level Annotations

Branches:
Dungeon (2/27)

Altars:
Makhleb
Yredelemnul

Annotations
D:2 Crazy Yiuf


Innate Abilities, Weirdness & Mutations

You reflexively headbutt those who attack you in melee.
You have a pair of horns on your head.


Message History

Crazy Yiuf closely misses you.
You barely miss Crazy Yiuf.
Crazy Yiuf zaps a wand.
The puff of frost misses you.
You hit Crazy Yiuf.
You headbutt Crazy Yiuf, but do no damage.
Crazy Yiuf is moderately wounded.
Crazy Yiuf hits you with a quarterstaff of chaos.
* * * LOW HITPOINT WARNING * * *
Crazy Yiuf burns you.
* * * LOW HITPOINT WARNING * * *
You hit Crazy Yiuf but do no damage. You punch Crazy Yiuf.
Crazy Yiuf is heavily wounded.
Crazy Yiuf waves his quarterstaff at you.
Crazy Yiuf closely misses you.
You barely miss Crazy Yiuf. You headbutt Crazy Yiuf!
Crazy Yiuf is almost dead.
You completely miss Crazy Yiuf.
Crazy Yiuf is almost dead.
Crazy Yiuf hits you with a quarterstaff of chaos!
You die...

#.##########.#######.........#.#
#.# #...............###.# #.#
########........# #.# #.#
##.......# #.# #.# ######.## #.#
#.# #♣♣♣ #.# #.#
#.####♣♣♣♣♣♣♣##### #.# #.#
#%#.'..♣♣♣♣♣♣#..)# ######.# #.#
#.......♣♣♣♣...@g# #......# #.#
#.#......♣..♣#...# ######## #.#
#...+...♣.♣♣♣##### #.#
######♣♣♣♣♣♣♣♣ #.# #♣♣♣♣♣♣ #.#
#.# #.# #.# #..


You could see Crazy Yiuf.

Vanquished Creatures
  A crimson imp (D:2)
  An adder (D:2)
  A ball python (D:1)
  5 bats
  4 goblins
  6 hobgoblins
  2 giant newts
  3 jackals (D:1)
  7 kobolds
  3 rats (D:1)
33 creatures vanquished.

Vanquished Creatures (others)
  2 jackals (D:2)
2 creatures vanquished.

Grand Total: 35 creatures vanquished

Notes
Turn   | Place    | Note
--------------------------------------------------------------
     0 | D:1      | Sachiko, the Minotaur Monk, began the quest for the Orb.
     0 | D:1      | Reached XP level 1. HP: 17/17 MP: 0/0
   115 | D:1      | Reached XP level 2. HP: 24/24 MP: 0/0
   197 | D:1      | Reached XP level 1. HP: 14/17 MP: 0/0
   199 | D:1      | Reached XP level 2. HP: 16/24 MP: 0/0
   739 | D:2      | Found a burning altar of Makhleb.
   754 | D:2      | Reached skill level 5 in Unarmed Combat
   754 | D:2      | Reached XP level 3. HP: 28/30 MP: 1/1
   794 | D:2      | Found a basalt altar of Yredelemnul.
  1323 | D:2      | Reached XP level 4. HP: 31/38 MP: 1/1
  1413 | D:2      | Noticed Crazy Yiuf
  1426 | D:2      | Mangled by Crazy Yiuf

Action                   |  1- 3 |  4- 6 || total
-------------------------+-------+-------++-------
Melee: Unarmed           |    76 |     6 ||    82
  Use: Scroll            |     5 |       ||     5
       Potion            |     2 |     1 ||     3
 Stab: Sleeping          |     1 |       ||     1
